 Dungeon Crawl Stone Soup version 0.17-a0-670-g5d95ebd (webtiles) character file.

1873 oplop the Blocker (level 8, 0/75 HPs)
             Began as a Minotaur Fighter on Apr 18, 2015.
             Was a Believer of Okawaru.
             Slain by an orc warrior
             ... wielding a +1 battleaxe of flaming
              (6 damage)
             ... on level 6 of the Dungeon.
             The game lasted 00:07:15 (5680 turns).

oplop the Blocker (Minotaur Fighter)                Turns: 5680, Time: 00:07:15

Health: 0/75       AC:  7    Str: 20    XL:     8   Next: 91%
Magic:  5/7        EV: 12    Int:  5    God:    Okawaru [**....]
Gold:   290        SH: 13    Dex: 13    Spells: 0 memorised, 7 levels left

rFire  . . .     SeeInvis .     a - +0 long sword
rCold  . . .     Clarity  .     u - +0 scale mail
rNeg   . . .     SustAb   .     c - +0 shield
rPois  .         Gourm    +     (helmet restricted)
rElec  .         Spirit   .     (no cloak)
rCorr  .         Warding  .     h - +0 pair of gloves
rMut   .         Stasis   .     (no boots)
MR     .....                    n - amulet of the gourmand (curse)
Stlth  +.........               (no ring)
                                l - -2 ring of protection (curse)

@: heroism, drained, not resistant to hostile enchantments, very unstealthy
A: retaliatory headbutt, horns 2
a: Heroism, Renounce Religion


You were on level 6 of the Dungeon.
You worshipped Okawaru.
Okawaru was pleased with you.
You were very full.

You visited 2 branches of the dungeon, and saw 7 of its levels.

You collected 290 gold pieces.

Inventory:

Hand weapons
 a - a +0 long sword (weapon)
 b - a +0 blowgun
Missiles
 t - 47 poisoned needles
Armour
 c - a +0 shield (worn)
 h - a +0 pair of gloves (worn)
 u - a +0 scale mail (worn)
Jewellery
 l - a cursed -2 ring of protection (left hand)
 n - a cursed amulet of the gourmand (around neck)
 I - an uncursed amulet of stasis {unknown}
Magical devices
 y - a wand of frost (34)
 G - a wand of magic darts (25)
Scrolls
 o - a scroll of remove curse {unknown}
 p - 2 scrolls of recharging {unknown}
 q - a scroll of amnesia {unknown}
 s - a scroll of teleportation {unknown}
 w - 5 scrolls of identify
 C - a scroll of fog {unknown}
Potions
 e - a potion of might
 g - a potion of ambrosia
 i - a potion of magic {unknown}
 j - a potion of resistance {unknown}
 k - 2 potions of agility {unknown}
 m - a potion of heal wounds {unknown}
 r - 2 potions of invisibility {unknown}
 v - a potion of degeneration {unknown}
 x - a potion of flight {unknown}
 z - a potion of curing {unknown}
 D - a potion of brilliance {unknown}
 H - a potion of cancellation {unknown}
Books
 B - a book of Spatial Translocations

   Spells                             Type                      Level
   a - Apportation                    Translocation                1
   b - Blink                          Translocation                2
   c - Shroud of Golubria             Charms/Translocation         2
   d - Portal Projectile              Translocation                3
   e - Teleport Other                 Translocation                3
   f - Passage of Golubria            Translocation                4
Comestibles
 d - 2 bread rations
 f - 2 slices of pizza
 A - a meat ration
 E - a beef jerky
 F - a chunk of flesh


   Skills:
 + Level 8.7(13.5) Fighting
 + Level 8.3(13.1) Long Blades
 - Level 3.6(8.4) Armour
 + Level 9.0(13.8) Shields


You had 7 spell levels left.
You didn't know any spells.

Dungeon Overview and Level Annotations

Branches:
Dungeon (6/15)             Temple (1/1) D:4

Altars:
Dithmenos
Fedhas
Gozag
Kikubaaqudgha
Makhleb
Nemelex Xobeh
Okawaru
Ru
Vehumet
Xom
Lugonu

Annotations:
D:6 emiel's ghost, average FeTm


Innate Abilities, Weirdness & Mutations

You reflexively headbutt those who attack you in melee.
You have a pair of horns on your head.


Message History

You block the orc warrior's attack.
You closely miss the orc warrior. You headbutt the orc warrior.
The orc warrior is lightly wounded.
You block the orc warrior's attack.
You closely miss the orc warrior. Your headbutt misses the orc warrior.
The orc warrior is lightly wounded.
You hit the orc warrior but do no damage.
You headbutt the orc warrior.
The orc warrior is moderately wounded.
The orc warrior hits you with a battleaxe of flaming!!
The orc warrior burns you!
* * * LOW HITPOINT WARNING * * *
You slice the orc warrior!!
The orc warrior is almost dead.
You hit the orc warrior but do no damage.
The orc warrior is almost dead.
The orc warrior hits you with a battleaxe of flaming!
* * * LOW HITPOINT WARNING * * *
The orc warrior burns you.
You die...

###########
#....%....o
#>.o.......
##.#W.....o..
#...o########
#....@......###
######..............
...................##
######............#
#............#
#########.#######.#
#.....)...#
#.######### ####+##
#.# #.....#


You could see an orc warrior, emiel's ghost and an orc.

Vanquished Creatures
  Menkaure (D:4)
  An ice beast (D:5)
  2 sky beasts (D:5)
  An ogre (D:4)
  2 centaurs (D:5)
  Blork the orc (D:4)
  A big kobold (D:5)
  A scorpion (D:5)
  The ghost of oplop the Shield-Bearer, a weakling MiFi (D:3)
  4 wights (D:6)
  A giant frog zombie (D:5)
  7 orc wizards
  3 crimson imps
  2 hounds
  7 worker ants
  3 iguanas
  A hound skeleton (D:4)
  7 adders
  A shadow imp (D:6)
  2 oozes
  An orc zombie (D:6)
  A worm (D:2)
  3 giant geckos
  12 orcs
  A bat skeleton (D:4)
  5 giant cockroaches
  10 hobgoblins
  3 jackals (D:2)
  12 kobolds
  2 quokkas (D:2)
  3 ball pythons
  13 bats
  6 giant newts
  8 goblins
  A kobold zombie (D:6)
  11 rats
141 creatures vanquished.

Notes
Turn   | Place    | Note
--------------------------------------------------------------
     0 | D:1      | oplop, the Minotaur Fighter, began the quest for the Orb.
     0 | D:1      | Reached XP level 1. HP: 19/19 MP: 0/0
   226 | D:1      | Reached XP level 2. HP: 27/27 MP: 1/1
   410 | D:1      | Reached skill level 4 in Shields
  1261 | D:2      | Reached XP level 3. HP: 31/33 MP: 2/2
  1580 | D:2      | Reached XP level 4. HP: 15/41 MP: 3/3
  1869 | D:2      | Reached skill level 5 in Shields
  2482 | D:3      | Noticed oplop's ghost (weakling MiFi)
  2493 | D:3      | Killed oplop's ghost
  2493 | D:3      | Reached XP level 5. HP: 11/47 MP: 4/4
  3014 | D:3      | Found a sparkling altar of Nemelex Xobeh.
  3320 | D:4      | Reached skill level 5 in Fighting
  3662 | D:4      | Noticed Blork the orc
  3687 | D:4      | Killed Blork the orc
  3687 | D:4      | Reached XP level 6. HP: 24/56 MP: 5/5
  3882 | D:4      | Found a burning altar of Makhleb.
  3908 | D:4      | Reached skill level 6 in Shields
  3909 | D:4      | Noticed Menkaure
  3917 | D:4      | Killed Menkaure
  3917 | D:4      | Reached skill level 5 in Long Blades
  3933 | D:4      | Found a shadowy altar of Dithmenos.
  3939 | D:4      | Found a staircase to the Ecumenical Temple.
  3964 | Temple   | Entered the Ecumenical Temple
  3992 | Temple   | Became a worshipper of Warmaster Okawaru
  4048 | D:4      | Reached XP level 7. HP: 56/63 MP: 6/6
  4353 | D:4      | Found an opulent altar of Gozag.
  4568 | D:5      | Entered Level 5 of the Dungeon
  4591 | D:5      | Reached skill level 7 in Shields
  4660 | D:5      | Acquired Okawaru's first power
  4931 | D:5      | Reached XP level 8. HP: 54/73 MP: 7/7
  5106 | D:5      | Reached skill level 8 in Shields
  5658 | D:6      | Reached skill level 9 in Shields
  5669 | D:6      | Noticed emiel's ghost (average FeTm)
  5680 | D:6      | Slain by an orc warrior

Action                   |  1- 3 |  4- 6 |  7- 9 || total
-------------------------+-------+-------+-------++-------
Melee: Long sword        |   117 |   118 |   204 ||   439
 Fire: Blowgun           |       |    11 |       ||    11
Invok: Heroism           |       |       |     3 ||     3
  Use: Scroll            |     2 |       |       ||     2
       Potion            |       |     1 |     1 ||     2
  Eat: Beef jerky        |     1 |       |       ||     1
       Chunk             |     9 |     4 |     8 ||    21
